 Dungeon Crawl Stone Soup version 0.26-a0-1191-ge2a0e31ab3 (webtiles) character file.

Game seed: 3796897200128689150

2 tilp the Sneak (level 1, -3/20 HPs)
             Began as a Palentonga Delver on Dec 28, 2020.
             Slain by a worker ant (7 damage)
             ... on level 4 of the Dungeon.
             The game lasted 00:00:51 (68 turns).

tilp the Sneak (Palentonga Delver)                    Turns: 68, Time: 00:00:52

Health: -3/20      AC:  4    Str: 15    XL:     1   Next: 25%
Magic:  1/1        EV:  9    Int: 10    God:
Gold:   0          SH:  0    Dex: 11    Spells: 0/0 levels left

rFire    . . .     SeeInvis +   a - +0 mace
rCold    . . .     Faith    .   (no shield)
rNeg     . . .     Spirit   .   b - +0 leather armour
rPois    .         Reflect  .   (no helmet)
rElec    .         Harm     .   (no cloak)
rCorr    .         Rampage  .   (no gloves)
Will     .....                  (no barding)
Stlth    ++........             (no amulet)
HPRegen  0.06/turn              (no ring)
MPRegen  0.07/turn              (no ring)

@: no status effects
A: large, rugged brown scales 3, see invisible, deformed body, roll 1, armoured
tail
a: Rolling Charge


You were on level 4 of the Dungeon.
You visited 1 branch of the dungeon, and saw 2 of its levels.

Inventory:

Hand Weapons
 a - a +0 mace (weapon)
Armour
 b - a +0 leather armour (worn)
Wands
 g - a wand of digging (3)
Potions
 f - a potion of haste


   Skills:
 + Level 3.1 Fighting
 - Level 2.0 Maces & Flails
 - Level 1.5 Dodging
 - Level 3.3 Stealth


You couldn't memorise any spells.
You didn't know any spells.
Your spell library was empty.

Dungeon Overview and Level Annotations

Branches:
Dungeon (5/15)
 Temple: D:4-7

Altars:


Innate Abilities, Weirdness & Mutations

You are completely covered in rugged brown scales. (AC +3, +7% HP)
You have supernaturally acute eyesight. (SInv)
Armour fits poorly on your strangely shaped body.
You can roll at nearby foes to attack.
You have a long armoured tail.


Message History

You closely miss the worker ant.
The worker ant bites you but does no damage.
The worker ant barely misses you.
You hit the worker ant but do no damage.
The worker ant closely misses you. The worker ant bites you.
* * * LOW HITPOINT WARNING * * *
You sock the worker ant!
The worker ant is heavily wounded.
The worker ant bites you but does no damage.
You hit the worker ant.
Your tail-slap misses the worker ant.
The worker ant is heavily wounded.
The worker ant barely misses you. The worker ant bites you.
* * * LOW HITPOINT WARNING * * *
You closely miss the worker ant.
The worker ant is heavily wounded.
The worker ant misses you.
You hit the worker ant.
The worker ant is severely wounded.
The worker ant bites you!
You die...

#.....####.##.........
#.....>.....§........
B......#.§§§§§........
......##§§§§§§........
........§§§§§§.....#..
...#....§§§#§#...#....
.........§§###........
. ........§.##B.......
..##....§...@........
#......#..#.......#
.......####......##
##..... ........#
..##.. .........
......... ....##....
... ...


You could see a worker ant.

Vanquished Creatures
  A giant cockroach (D:5)
  A jackal skeleton (D:4)
2 creatures vanquished.

Notes
Turn   | Place    | Note
-------+----------+-------------------------------------------
     0 | D:5      | tilp the Palentonga Delver began the quest for the Orb.
     0 | D:5      | Reached XP level 1. HP: 20/20 MP: 1/1
     2 | D:5      | Noticed a jelly
     8 | D:5      | Noticed an ice beast
    33 | D:5      | Noticed a sky beast
    44 | D:5      | Noticed a centaur
    46 | D:4      | Noticed a worker ant
    68 | D:4      | Slain by a worker ant

Illustrated notes

Levels and vault maps discovered:
D:4:      layout_cave_pools, gup_sewer_entry_glass, nrook_uturn, minmay_between
D:5:      layout_cave_pools

Action                   || total
-------------------------++-------
Melee: Mace              ||    11
       Tailslap          ||     1
  Use: Scroll            ||     3
 Stab: Sleeping          ||     1
Armor: Leather armour    ||     4
Dodge: Dodged            ||     6

Table legend: (Time is in decaauts)
 A = Elapsed time spent in this place.
 B = Non-inter-level travel time spent in this place.
 C = Inter-level travel time spent in this place.
 D = Time resting spent in this place.
 E = Time spent auto-exploring this place.
 F = Levels seen in this place.
 G = Mean time per level.
                   A        B        C        D        E       F      G
               +--------+--------+--------+--------+--------+-----+--------+
         Total |     70 |     70 |      0 |      0 |      0 |   2 |   35.0 |
       Dungeon |     70 |     70 |      0 |      0 |      0 |   2 |   35.0 |
               +--------+--------+--------+--------+--------+-----+--------+

Top non-repeatable levels by time:
     D:5: 46 daAuts
     D:4: 24 daAuts
